Map: Blueshift LE

Players

Dabulous

  • Race: Zerg Zerg
  • League: Silver
  • Spawn Location: 1:00

Death - Winner!

  • Race: Zerg Zerg
  • League: Silver
  • Spawn Location: 7:00

VOD

Have the link to the VOD?

Description

Time

  • Played on: Dec. 27, 2018, noon
  • Length: 7:38
Show
View Real Time Build Order
Export as new Build Order

Dabulous Zerg 

Build Orders: Pool First 

Get SALT Encoding   

  12  0:02  Drone  
  13  0:11  Drone  
  14  0:29  Spawning Pool  
  14  0:34  Drone  
  14  0:38  Overlord  
  14  0:57  Drone x3  
  17  1:14  Hatchery  
  17  1:18  Drone  
  17  1:21  Zergling x2  
  18  1:31  Zergling x2  
  19  1:33  Queen  
  21  1:40  Extractor  
  21  1:41  Zergling x2  
  21  1:57  Zergling x2  
  22  2:10  Overlord  
  22  2:22  Overlord  
  22  2:25  Queen  
  22  2:29  Queen  
  26  2:32  Drone  
  26  2:33  Drone  
  25  3:01  Drone x5  
  25  3:02  Drone x2  
  32  3:06  Lair  
  32  3:11  Drone  
  33  3:17  Overlord  
  33  3:19  Drone  
  34  3:24  Extractor  
  33  3:27  Zergling x2  
  33  3:34  Drone x2  
  36  3:38  Extractor  
  35  3:43  Pneumatized Carapace  
  35  3:54  Drone x4  
  39  3:56  Overlord  
  39  4:09  Drone x3  
  42  4:10  Drone  
  42  4:15  Drone  
  44  4:17  Extractor  
  43  4:32  Hatchery  
  43  4:36  Drone x6  
  48  4:41  Spore Crawler  
  47  4:47  Spire  
  46  4:53  Spire  
  46  4:55  Drone  
  46  5:20  Drone x6  
  52  5:44  Queen x2  
  52  5:46  Overlord  
  58  6:04  Mutalisk x2  
  60  6:16  Mutalisk x2  
  60  6:19  Queen  
  38  6:32  Mutalisk  
  38  6:33  Mutalisk x5  
  38  6:55  Queen  
  35  7:06  Hatchery  
Show
View Real Time Build Order
Export as new Build Order

Death Zerg - Winner!

Build Orders: Hatch First 

Get SALT Encoding   

  12  0:02  Drone  
  13  0:12  Overlord  
  13  0:20  Drone  
  14  0:30  Drone  
  14  0:31  Drone  
  16  0:53  Hatchery  
  16  0:54  Drone  
  16  1:07  Spawning Pool  
  15  1:12  Extractor  
  15  1:13  Drone  
  15  1:15  Drone  
  16  1:19  Drone  
  17  1:41  Drone  
  17  1:42  Drone  
  19  1:58  Roach Warren  
  19  1:59  Drone x2  
  20  2:06  Queen  
  22  2:13  Queen  
  24  2:21  Evolution Chamber  
  23  2:23  Evolution Chamber  
  23  2:25  Drone  
  23  2:26  Drone  
  24  2:33  Overlord  
  24  2:39  Overlord  
  23  3:09  Roach  
  23  3:10  Roach x3  
  31  3:23  Zerg Missile Weapons Level 1  
  31  3:28  Drone x3  
  31  3:29  Drone  
  31  3:33  Extractor  
  36  3:54  Lair  
  34  4:13  Roach x5  
  34  4:17  Overlord x2  
  44  4:50  Glial Reconstitution  
  44  4:54  Roach x5  
  54  5:22  Roach x3  
  60  5:33  Overlord x2  
  60  5:34  Overlord x2  
  60  6:41  Roach x12  
Tags
 
Add a new tag
Caveats
  • Supply blocks, unpowered buildings, or Contaminate may cause inaccurate times.
  • Supply counts are checked every 10 seconds.